 Dungeon Crawl Stone Soup version 0.25.1-4-g9407a263a5 (webtiles) character file.

Game seed: 16733755975380503684

10904 Clowwww the Destroyer (level 11, -6/74 HPs)
             Began as a Demonspawn Conjurer on Nov 28, 2020.
             Was a Believer of Vehumet.
             Mangled by an unseen horror (7 damage)
             ... on level 10 of the Dungeon.
             The game lasted 01:09:34 (13391 turns).

Clowwww the Destroyer (Demonspawn Conjurer)        Turns: 13391, Time: 01:09:35

Health: -6/74      AC:  4    Str:  9    XL:     11   Next: 42%
Magic:  4/34       EV: 14    Int: 19    God:    Vehumet [**....]
Gold:   429        SH:  6    Dex: 14    Spells: 11/31 levels left

rFire    + + .     SeeInvis .   t - staff of energy
rCold    + . .     Gourm    .   (no shield)
rNeg     . . .     Faith    .   C - +2 robe {rC+ rF+}
rPois    .         Spirit   .   B - +0 hat {MR+}
rElec    .         Reflect  .   (no cloak)
rCorr    .         Harm     .   (no gloves)
MR       +....                  (no boots)
Stlth    +++.......             (no amulet)
HPRegen  0.22/turn              p - ring of wizardry
MPRegen  0.24/turn              r - ring of magical power

@: about to teleport, very slightly contaminated, invisible
A: claws 1, large bone plates 2, fire resistance 1, powered by death 1
a: Renounce Religion


You were on level 10 of the Dungeon.
You worshipped Vehumet.
Vehumet was pleased with you.
You were not hungry.

You visited 2 branches of the dungeon, and saw 11 of its levels.

You collected 429 gold pieces.

Inventory:

Armour
 a - a +1 robe
 B - a +0 hat of magic resistance (worn)
 C - a +2 robe of resistance (worn)
Magical Staves
 t - an uncursed staff of energy (weapon)
Jewellery
 p - a ring of wizardry (left claw)
 r - a ring of magical power (right claw)
 w - an uncursed ring of magical power
Wands
 k - a wand of flame (11)
 l - a wand of random effects (17)
 v - a wand of acid (8)
Scrolls
 b - 3 scrolls of remove curse
 h - a scroll of enchant weapon
 i - a scroll of magic mapping
 n - 5 scrolls of amnesia
 o - 3 scrolls of teleportation
 y - 2 scrolls of fear {unknown}
Potions
 d - 2 potions of flight
 j - 3 potions of curing
 q - a potion of cancellation {unknown}
 s - 2 potions of stabbing
 u - a potion of might {unknown}
 x - a potion of brilliance {unknown}
 z - a potion of lignification {unknown}
Comestibles
 c - 16 rations
 D - 2 chunks of flesh


   Skills:
 + Level 2.8 Fighting
 + Level 4.6 Dodging
 + Level 4.6 Stealth
 + Level 1.0 Unarmed Combat
 + Level 10.6 Spellcasting
 + Level 11.1 Conjurations
 + Level 4.9 Hexes
 + Level 3.3 Summonings


You had 11 spell levels left.
You knew the following spells:

 Your Spells              Type           Power        Failure   Level  Hunger
a - Magic Dart            Conj           ####         1%          1    None
b - Searing Ray           Conj           ######       1%          2    None
c - Dazzling Flash        Conj/Hex       #####.       1%          3    None
d - Confusing Touch       Hex            ####....     1%          3    None
e - Fulminant Prism       Conj/Hex       #####.....   1%          4    None
f - Call Canine Familiar  Summ           ###.....     2%          3    None
g - Summon Lightning Spi  Summ/Air       ###.....     14%         4    None

Your spell library contained the following spells:

 Spells                   Type           Power        Failure   Level  Hunger
 Inner Flame              Hex/Fire       ###.....     3%          3    None
 Summon Small Mammal      Summ           ###.         1%          1    None
 Call Imp                 Summ           ###.....     1%          2    None
 Summon Guardian Golem    Hex/Summ       ####....     1%          3    None
 Iskenderun's Mystic Bla  Conj/Tloc      ####....     2%          4    None
 Gell's Gravitas          Tloc           ##........   9%          3    None
 Summon Ice Beast         Ice/Summ       ###.....     14%         4    None
 Petrify                  Tmut/Erth      ##......     26%         4    None
 Metabolic Englaciation   Hex/Ice        ###.......   26%         5    None
 Yara's Violent Unravell  Hex/Tmut       ###.......   26%         5    None


Dungeon Overview and Level Annotations

Branches:
Dungeon (10/15)            Temple (1/1) D:6             Orc (0/2) D:9
   Lair: D:8-11

Altars:
Ashenzari
Cheibriados
Dithmenos
Elyvilon
Fedhas
Gozag
Hepliaklqana
Kikubaaqudgha
Makhleb
Nemelex Xobeh
Okawaru
Qazlal
Ru
Sif Muna
Trog
Uskayaw
Vehumet
Wu Jian
Xom
Yredelemnul
Zin
The Shining One

Shops:
D:4 *   D:5 ([[*

Annotations:
D:4 1 runed translucent door, Clowwww's ghost, amateur DsGl
D:8 1 runed translucent door, Alannah's ghost, novice DrSk


Innate Abilities, Weirdness & Mutations

You have sharp fingernails.
You are mostly covered in large bone plates. (SH +6)
Your flesh is heat resistant. (rF+)
You regenerate a little health from kills.


Message History

You block something's attack.
You hit something. Something hits you.
* * * LOW HITPOINT WARNING * * *
You miss something. Something hits you.
* * * LOW HITPOINT WARNING * * *
Something hits you.
* * * LOW HITPOINT WARNING * * *
Something hits you.
* * * LOW HITPOINT WARNING * * *
Something hits you!
* * * LOW HITPOINT WARNING * * *
You feel better. Something hits you.
* * * LOW HITPOINT WARNING * * *
Okay, then.
Okay, then.
You fade into invisibility!
Okay, then.
As you read the scroll of teleportation, it crumbles to dust.
You feel strangely unstable. Something hits you!
You die...

# #....# # #....# #
#..!.# ###....#
.......############
#####..#...........
.....#.#.##.######
.................#
####.#.#..#.####@#
.#........#.# #.#
.#...#....#.# #.#
#...#....#.# #.#
.... #....#.# #.#
... #....#.# #.#
.#. #. #.#. #.# #.#
#.#


There were no monsters in sight!

Vanquished Creatures
  Gastronok (D:9)
  A hydra (D:8)
  A two-headed ogre (D:9)
  A centaur skeleton (D:10)
  Maggie (D:10)
  3 trolls (D:9)
  A kobold demonologist (D:9)
  A hippogriff (D:9)
  2 dream sheep (D:8)
  2 wyverns
  A hungry ghost (D:9)
  3 yaks
  A steam dragon (D:9)
  3 porcupines (D:10)
  3 orc warriors
  An ice beast (D:8)
  5 ogres
  3 necrophages
  A sky beast (D:5)
  An eye of draining (D:9)
  7 centaurs
  A crocodile (D:10)
  4 big kobolds
  8 bullfrogs
  3 scorpions
  6 killer bees (D:9)
  13 wights
  5 howler monkeys
  3 crimson imps
  A quasit (D:8)
  2 jellies
  8 orc wizards
  6 hounds
  A bullfrog skeleton (D:5)
  2 orc priests (D:10)
  2 iguanas
  8 worker ants
  A hound zombie (D:7)
  2 hound skeletons
  Robin (D:2)
  A worker ant zombie (D:6)
  13 adders
  2 howler monkey skeletons
  4 gnolls (D:5)
  3 shadow imps
  2 oozes
  An adder zombie (D:9)
  3 worms
  2 dart slugs (D:1)
  3 leopard geckos
  21 orcs
  3 ball pythons
  8 bats
  5 giant cockroaches
  18 goblins
  7 hobgoblins
  12 jackals
  6 quokkas
  7 frilled lizards
  11 kobolds
  2 quokka skeletons
  8 rats
262 creatures vanquished.

Vanquished Creatures (collateral kills)
  2 jackals (D:6)
2 creatures vanquished.

Vanquished Creatures (others)
  57 fulminant prisms
  14 fungi (D:10)
71 creatures vanquished.

Grand Total: 335 creatures vanquished

Notes
Turn   | Place    | Note
-------+----------+-------------------------------------------
     0 | D:1      | Clowwww the Demonspawn Conjurer began the quest for the
                  | Orb.
     0 | D:1      | Reached XP level 1. HP: 13/13 MP: 3/3
   500 | D:1      | Gained mutation: You are partially covered in large bone
                  | plates. (SH +4) [demonic ancestry]
   500 | D:1      | Reached XP level 2. HP: 19/19 MP: 3/5
   504 | D:1      | Learned a level 2 spell: Searing Ray
  1133 | D:1      | Reached XP level 3. HP: 24/24 MP: 1/6
  1410 | D:2      | Noticed a centaur
  1421 | D:2      | Killed a centaur
  1421 | D:2      | Reached skill level 5 in Conjurations
  1421 | D:2      | Reached XP level 4. HP: 7/30 MP: 0/8
  1731 | D:2      | Found a faded altar of an unknown god.
  1820 | D:2      | Reached XP level 5. HP: 27/35 MP: 3/9
  1973 | D:2      | Learned a level 3 spell: Dazzling Flash
  2334 | D:2      | Noticed Robin
  2376 | D:2      | Killed Robin
  2684 | D:2      | Learned a level 3 spell: Confusing Touch
  3010 | D:3      | Noticed a centaur
  3014 | D:3      | Killed a centaur
  3014 | D:3      | Reached skill level 1 in Hexes
  3014 | D:3      | Gained mutation: You regenerate a little health from kills.
                  | [demonic ancestry]
  3014 | D:3      | Reached XP level 6. HP: 23/42 MP: 5/10
  3620 | D:3      | Reached skill level 1 in Fighting
  4487 | D:4      | Found a runed translucent door.
  4487 | D:4      | Noticed Clowwww's ghost (amateur DsGl)
  4506 | D:4      | Found Ciotz's General Store.
  4523 | D:4      | Got a slimy scale mail
  4755 | D:4      | Found a white marble altar of Elyvilon.
  5066 | D:3      | Reached skill level 6 in Conjurations
  5562 | D:4      | Learned a level 3 spell: Summon Guardian Golem
  5565 | D:4      | Reached XP level 7. HP: 36/48 MP: 5/12
  6097 | D:5      | Entered Level 5 of the Dungeon
  6162 | D:5      | Found Lorel's Antique Armour Shop.
  6173 | D:5      | Found Ocahuqas's Antique Armour Shoppe.
  6228 | D:5      | Found an ornate altar of the Wu Jian Council.
  6239 | D:5      | Identified the +6 scale mail of the Apothecary {rPois rC+++
                  | rCorr Int-3} (You found it on level 4 of the Dungeon)
  6448 | D:5      | Found Icwut's General Store.
  6655 | D:5      | Found a shimmering blue altar of Sif Muna.
  6655 | D:5      | Found Xusin's Weapon Shop.
  7266 | D:5      | Reached skill level 7 in Conjurations
  7459 | D:6      | Learned a level 3 spell: Call Canine Familiar
  7484 | D:6      | Reached skill level 5 in Spellcasting
  7484 | D:6      | Reached skill level 1 in Summonings
  7484 | D:6      | Reached XP level 8. HP: 55/55 MP: 7/15
  7800 | D:6      | Found a basalt altar of Yredelemnul.
  7971 | D:6      | Learned a level 4 spell: Fulminant Prism
  8589 | D:6      | Found a staircase to the Ecumenical Temple.
  8600 | Temple   | Entered the Ecumenical Temple
  8866 | D:6      | Reached skill level 8 in Conjurations
  9225 | D:6      | Found a hide-covered altar of Uskayaw.
  9566 | D:7      | Reached skill level 1 in Unarmed Combat
  9566 | D:7      | Gained mutation: You have sharp fingernails. [demonic
                  | ancestry]
  9566 | D:7      | Reached XP level 9. HP: 57/60 MP: 18/18
  9876 | D:7      | Found a radiant altar of Vehumet.
  9879 | D:7      | Became a worshipper of Vehumet
 10267 | D:8      | Found a runed translucent door.
 10268 | D:8      | Noticed Alannah's ghost (novice DrSk)
 10277 | D:8      | Found a sparkling altar of Nemelex Xobeh.
 10480 | D:8      | Noticed a three-headed hydra
 10514 | D:8      | Reached skill level 9 in Conjurations
 10699 | D:8      | Reached * piety under Vehumet
 10699 | D:8      | Offered knowledge of Freeze by Vehumet.
 10970 | D:8      | Gained mutation: You are mostly covered in large bone
                  | plates. (SH +6) [demonic ancestry]
 10970 | D:8      | Reached XP level 10. HP: 61/68 MP: 6/22
 10971 | D:8      | Killed a three-headed hydra
 11216 | D:8      | Learned a level 4 spell: Summon Lightning Spire
 11222 | D:8      | Found a stormy altar of Qazlal.
 11919 | D:9      | Noticed Gastronok
 11936 | D:9      | Killed Gastronok
 11936 | D:9      | Reached skill level 10 in Conjurations
 12314 | D:9      | Reached ** piety under Vehumet
 12314 | D:9      | Offered knowledge of Foxfire by Vehumet.
 12314 | D:9      | Gained mutation: Your flesh is heat resistant. (rF+)
                  | [demonic ancestry]
 12314 | D:9      | Reached XP level 11. HP: 69/74 MP: 7/24
 12318 | D:9      | Noticed a two-headed ogre
 12373 | D:9      | Killed a two-headed ogre
 12373 | D:9      | Reached skill level 10 in Spellcasting
 12876 | D:9      | Found a staircase to the Orcish Mines.
 12924 | D:10     | Entered Level 10 of the Dungeon
 13110 | D:10     | Noticed Maggie
 13118 | D:10     | Killed Maggie
 13122 | D:10     | Reached skill level 11 in Conjurations
 13138 | D:10     | Offered knowledge of Inner Flame by Vehumet.
 13388 | D:10     | HP: 1/74 [something (8)]
 13391 | D:10     | Mangled by an unseen horror

Illustrated notes

Levels and vault maps discovered:
D:1:      dpeg_arrival_simpleton_c, layout_loops_ring
D:2:      layout_basic, chequers_ecumenical_altar_lobes, first_ration,
          minmay_fractal_squares_5, uniq_robin
D:3:      layout_loops_cross, kennysheep_generic_room_6
D:4:      layout_layer_cave, lemuel_crystal_altar, serial_shops,
          nicolae_shop_window_shopping, gammafunk_ghost_grave
D:5:      layout_basic, lemuel_doored_altar, nicolae_overflow_crystal_walls,
          serial_shops, nicolae_shop_stone, nicolae_shop_statue_plus, shop, shop
D:6:      layout_loops_ring, marbit_many_paths, minmay_temple_entry_fiery,
          basic_altar, chequers_serial_rivers_room_a
D:7:      layout_rooms, kennysheep_mini
D:8:      layout_gridville, nicolae_qazlal_eye_of_the_storm,
          nemelex_xobeh_ov_fountains_minmay, ebering_ghost_reflecting_pool,
          hangedman_ranch [blue_anna_fruit_fields]
D:9:      layout_rooms, orc_0_dummy, uniq_gastronok
D:10:     layout_basic, due_lair_maze_entry_diamond,
          minmay_mirror_moons_of_madness, uniq_maggie
Temple:   regret_index_temple_generic_petals

Skill      XL: |  1  2  3  4  5  6  7  8  9 10 11 |
---------------+----------------------------------+-----
Dodging        | 2 3 4 |  4.6
Stealth        | 2 3 4 |  4.6
Conjurations   | 5 6 7 8 9 10 11 | 11.1
Spellcasting   | 3 5 6 8 9 10 | 10.6
Hexes          | 1 2 4 |  4.9
Fighting       | 1 2 |  2.8
Summonings     | 1 2 3 |  3.3
Unarmed Combat | 1 |  1.0

Action                   |  1- 3 |  4- 6 |  7- 9 | 10-12 || total
-------------------------+-------+-------+-------+-------++-------
Melee: Unarmed           |    16 |    27 |    13 |       ||    56
       Staff             |       |       |       |     3 ||     3
 Cast: Magic Dart        |    34 |   152 |    86 |    50 ||   322
       Searing Ray       |     7 |    11 |    55 |    48 ||   121
       Dazzling Flash    |       |     2 |     6 |     2 ||    10
       Summon Guardian G |       |       |     2 |       ||     2
       Call Canine Famil |       |       |     7 |     1 ||     8
       Fulminant Prism   |       |       |    18 |    39 ||    57
       Confusing Touch   |       |       |     1 |       ||     1
Evoke: Wand              |       |       |       |     1 ||     1
  Use: Scroll            |       |     7 |    11 |     3 ||    21
       Potion            |       |       |     1 |     5 ||     6
  Eat: Chunk             |     2 |    13 |    12 |     7 ||    34
       Ration            |       |       |     2 |       ||     2
Armor: Robe              |    11 |    15 |     6 |     8 ||    40
Dodge: Dodged            |    28 |    49 |    57 |    32 ||   166
Block: Other             |     7 |    16 |    19 |    13 ||    55
